 Dungeon Sprint DCSS version 0.27.1-4-g1640c2035a (webtiles) character file.

Game seed: 11199509074285160119

5521 boopmooplesden the Peltast (level 10, -22/102 HPs)
             Began as a Minotaur Fighter on Nov 10, 2021.
             Was a High Priest of Okawaru.
             Hit by a javelin thrown by a minotaur (30 damage)
             ... in the Dungeon (Sprint VII: "The Pits").
             The game lasted 00:05:58 (1395 turns).

boopmooplesden the Peltast (Minotaur Fighter)       Turns: 1395, Time: 00:05:59

Health: -22/102    AC: 12    Str: 23    XL:     10   Next: 43%
Magic:  11/11      EV:  9    Int:  5    God:    Okawaru [*****.]
Gold:   0          SH: 18    Dex: 12    Spells: 9/9 levels left

rFire    . . .     SeeInvis .   p - +1 long sword (holy)
rCold    . . .     Faith    .   c - +0 kite shield
rNeg     . . .     Spirit   .   x - +0 plate armour
rPois    .         Reflect  .   (helmet restricted)
rElec    .         Harm     .   (no cloak)
rCorr    .         Rampage  .   (no gloves)
Will     .....     NoTele   +   t - +0 pair of boots
Stlth    ..........             (no amulet)
HPRegen  0.27/turn              r - +3 ring of strength
MPRegen  0.12/turn              q - +3 ring of protection

@: mighty, corroded
A: horns 2, retaliatory headbutt, large bone plates 1, weak 1, MP-powered wands
a: Renounce Religion, Heroism, Finesse


You were in the Dungeon.
You worshipped Okawaru.
Okawaru was extremely pleased with you.
You visited 1 branch

Inventory:

Hand Weapons
 a - a +0 long sword
 k - a +2 falchion
 p - a +1 long sword of holy wrath (weapon)
 u - a +2 scimitar of freezing
 v - a +2 vorpal dire flail
 w - a +2 rapier of electrocution
Armour
 c - a +0 kite shield (worn)
 t - a +0 pair of boots (worn)
 x - a +0 plate armour (worn)
Jewellery
 q - a +3 ring of protection (right hand)
 r - a +3 ring of strength (left hand)
Scrolls
 j - a scroll of blinking
 m - 5 scrolls of amnesia
 n - a scroll of summoning
Potions
 d - a potion of might
 e - 5 potions of curing
 g - a potion of haste
 h - 4 potions of magic
 i - 5 potions of berserk rage
 l - 2 potions of invisibility
 s - 2 potions of resistance


   Skills:
 + Level 13.6 Fighting
 + Level 14.8 Long Blades
 + Level 13.1 Armour
 + Level 4.8 Dodging
 + Level 1.3 Stealth
 + Level 15.8 Shields
 + Level 3.0 Invocations


You had 9 spell levels left.
You didn't know any spells.
Your spell library was empty.

Dungeon Overview and Level Annotations

Branches:
Dungeon (1/1)

Altars:
Ashenzari
Cheibriados
Dithmenos
Elyvilon
Fedhas
Gozag
Hepliaklqana
Kikubaaqudgha
Makhleb
Nemelex Xobeh
Okawaru
Qazlal
Ru
Sif Muna
Trog
Uskayaw
Vehumet
Wu Jian
Xom
Yredelemnul
Zin
The Shining One
Beogh
Jiyva
Lugonu


Innate Abilities, Weirdness & Mutations

You have a pair of horns on your head.
You reflexively headbutt those who attack you in melee.
You are partially covered in large bone plates. (SH +4)
You are weak. (Str -2)
You expend magic power (3 MP) to strengthen your wands.


Message History

The minotaur is moderately wounded.
You block the minotaur's attack. x2
You slash the minotaur!
The minotaur is moderately wounded.
The minotaur hits you!
* * * LOW HITPOINT WARNING * * *
The minotaur gores you.
* * * LOW HITPOINT WARNING * * *
You slash the minotaur!
The minotaur is heavily wounded.
You block the minotaur's attack. x2
You slash the minotaur! You headbutt the minotaur!
The minotaur is severely wounded.
You hit the minotaur.
The minotaur is severely wounded.
You block the minotaur's attack. x2
You feel much better. You block the minotaur's attack. x2
You hit the minotaur but do no damage.
The minotaur is severely wounded.
The minotaur hits you!!
* * * LOW HITPOINT WARNING * * *
The minotaur gores you.
* * * LOW HITPOINT WARNING * * *
You completely miss the minotaur.
The minotaur is severely wounded.
You feel like a meek peon again.
Unknown command.
You feel better. You block the minotaur's attack.
The minotaur closely misses you.
You hit the minotaur but do no damage.
The minotaur is severely wounded.
You block the minotaur's attack.
The minotaur gores you but does no damage.
You hit the minotaur.
The minotaur is almost dead.
The minotaur hits you but does no damage.
You block the minotaur's attack.
There is an open door here.
The minotaur throws a javelin.
The javelin pierces through you!!
You die...

......+ ......+
......# ......#
'######
'################ ###
.#..............###..#
.##......))......#..#
.####...#[######@..#
.#..#####.##...##'##
.#....##...#...#.H.#
†'.....#...#...#.).#
.†.....'...+.}))(..+
††.....#...#...#...#
.#....##...#...#...#
.#..#####.##...##+##
.#### #+#####


You could see a minotaur.

Vanquished Creatures
  Sonja (D)
  An orc knight (D)
  A rust devil (D)
  3 kobold demonologists (D)
  An ice devil (D)
  A polar bear (D)
  A dream sheep (D)
  A redback (D)
  A fire bat (D)
  4 vampire mosquitoes (D)
  Menkaure (D)
  2 floating eyes (D)
  2 orc warriors (D)
  An ice beast (D)
  A sky beast (D)
  A black bear (D)
  A necrophage (D)
  5 wolves (D)
  3 ogres (D)
  3 kobold brigands (D)
  A killer bee (D)
  A quasit (D)
  A hound (D)
  A jelly (D)
  2 orc priests (D)
  An iguana (D)
  A gnoll (D)
  An adder (D)
  A river rat (D)
  2 orcs (D)
  A bat skeleton (D)
  2 giant cockroaches (D)
  A hobgoblin (D)
  A quokka (D)
  A ball python zombie (D)
  2 goblins (D)
  3 kobolds (D)
58 creatures vanquished.

Notes
Turn   | Place    | Note
-------+----------+-------------------------------------------
     0 | D        | boopmooplesden the Minotaur Fighter began the quest for the
                  | Orb.
     0 | D        | Reached XP level 1. HP: 19/19 MP: 0/0
     8 | D        | Noticed a floating eye
    11 | D        | Killed a floating eye
    12 | D        | Reached skill level 6 in Shields
    12 | D        | Reached XP level 2. HP: 34/34 MP: 1/1
    12 | D        | Reached XP level 3. HP: 39/39 MP: 2/2
    12 | D        | Reached XP level 4. HP: 47/47 MP: 3/3
    36 | D        | Found a glowing golden altar of the Shining One.
    36 | D        | Found a glowing silver altar of Zin.
    36 | D        | Found a basalt altar of Yredelemnul.
    36 | D        | Found a shimmering altar of Xom.
    36 | D        | Found an ornate altar of the Wu Jian Council.
    36 | D        | Found a bloodstained altar of Trog.
    36 | D        | Found a shimmering blue altar of Sif Muna.
    36 | D        | Found a sacrificial altar of Ru.
    36 | D        | Found a stormy altar of Qazlal.
    36 | D        | Found an iron altar of Okawaru.
    36 | D        | Found a sparkling altar of Nemelex Xobeh.
    36 | D        | Found a burning altar of Makhleb.
    36 | D        | Found a viscous altar of Jiyva.
    36 | D        | Found a hazy altar of Hepliaklqana.
    36 | D        | Found an opulent altar of Gozag.
    36 | D        | Found a blossoming altar of Fedhas.
    36 | D        | Found a white marble altar of Elyvilon.
    36 | D        | Found a shadowy altar of Dithmenos.
    36 | D        | Found a snail-covered altar of Cheibriados.
    38 | D        | Found a corrupted altar of Lugonu.
    38 | D        | Found a radiant altar of Vehumet.
    39 | D        | Found an ancient bone altar of Kikubaaqudgha.
    39 | D        | Found a hide-covered altar of Uskayaw.
    39 | D        | Found a broken altar of Ashenzari.
    43 | D        | Became a worshipper of Warmaster Okawaru
    64 | D        | Reached skill level 7 in Shields
   204 | D        | Noticed a floating eye
   207 | D        | Paralysed by a floating eye for 2 turns
   211 | D        | Paralysed by a floating eye for 2 turns
   217 | D        | Paralysed by a floating eye for 2 turns
   220 | D        | Killed a floating eye
   221 | D        | Reached skill level 5 in Long Blades
   221 | D        | Reached skill level 8 in Shields
   221 | D        | Reached XP level 5. HP: 44/56 MP: 4/4
   230 | D        | Noticed a black bear
   238 | D        | Killed a black bear
   238 | D        | Reached * piety under Okawaru
   239 | D        | Reached skill level 1 in Dodging
   239 | D        | Reached skill level 9 in Shields
   239 | D        | Reached XP level 6. HP: 46/63 MP: 5/5
   327 | D        | Noticed an ice beast
   327 | D        | Noticed a fire bat
   343 | D        | Killed a fire bat
   343 | D        | Reached ** piety under Okawaru
   344 | D        | Reached skill level 10 in Fighting
   344 | D        | Reached skill level 10 in Armour
   344 | D        | Reached skill level 10 in Shields
   344 | D        | Reached XP level 7. HP: 38/73 MP: 6/6
   508 | D        | Noticed a dream sheep
   514 | D        | Killed a dream sheep
   524 | D        | Reached skill level 11 in Shields
   528 | D        | Reached XP level 8. HP: 41/82 MP: 5/7
   707 | D        | Noticed an ice devil
   709 | D        | Noticed Menkaure
   718 | D        | Reached *** piety under Okawaru
   719 | D        | Reached skill level 10 in Long Blades
   726 | D        | Killed an ice devil
   731 | D        | Killed Menkaure
   768 | D        | Gained mutation: Your body sometimes deteriorates upon
                  | taking damage. [potion of mutation]
   768 | D        | Gained mutation: Your muscles are strong. (Str +2) [potion
                  | of mutation]
   769 | D        | Lost mutation: Your muscles are strong. (Str +2) [potion of
                  | mutation]
   769 | D        | Lost mutation: Your body sometimes deteriorates upon taking
                  | damage. [potion of mutation]
   769 | D        | Gained mutation: You are weak. (Str -2) [potion of
                  | mutation]
   769 | D        | Gained mutation: You are agile. (Dex +2) [potion of
                  | mutation]
   770 | D        | Lost mutation: You are weak. (Str -2) [potion of mutation]
   770 | D        | Lost mutation: You are agile. (Dex +2) [potion of mutation]
   770 | D        | Gained mutation: You expend magic power (3 MP) to
                  | strengthen your wands. [potion of mutation]
   770 | D        | Gained mutation: You are weak. (Str -2) [potion of
                  | mutation]
   770 | D        | Gained mutation: You are partially covered in large bone
                  | plates. (SH +4) [potion of mutation]
   952 | D        | Reached skill level 1 in Invocations
   956 | D        | Reached skill level 12 in Shields
   964 | D        | Reached **** piety under Okawaru
   965 | D        | Reached skill level 1 in Stealth
   965 | D        | Reached XP level 9. HP: 87/90 MP: 6/8
  1006 | D        | Noticed a kobold demonologist
  1008 | D        | Noticed an orange demon
  1008 | D        | Noticed a kobold demonologist
  1016 | D        | Noticed an orc knight
  1017 | D        | Noticed a smoke demon
  1017 | D        | Noticed a kobold demonologist
  1025 | D        | Noticed a soul eater
  1027 | D        | Killed a kobold demonologist
  1037 | D        | Killed a kobold demonologist
  1038 | D        | Reached skill level 13 in Shields
  1056 | D        | Killed a kobold demonologist
  1081 | D        | Killed an orc knight
  1082 | D        | Reached skill level 14 in Shields
  1086 | D        | Reached ***** piety under Okawaru
  1127 | D        | Reached XP level 10. HP: 56/101 MP: 7/10
  1156 | D        | Reached skill level 15 in Shields
  1309 | D        | Noticed Sonja
  1325 | D        | Killed Sonja
  1331 | D        | Noticed a rust devil
  1348 | D        | Killed a rust devil
  1348 | D        | Received a gift from Okawaru
  1349 | D        | Noticed a minotaur
  1382 | D        | HP: 4/102 [minotaur (4)]
  1387 | D        | HP: 5/102 [minotaur (21)]
  1387 | D        | HP: 1/102 [minotaur (4)]
  1395 | D        | Hit by a javelin thrown by a minotaur

Illustrated notes

Levels and vault maps discovered:
D:        pitsprint [storerooms_1, entrance_room_1, metal_vault_1, armoury_3,
          mini_pit_1, grid_room_1, main_hall_1, silver_pit, the_coven_3,
          the_vestibule_1, steel_vault_1, golden_pit, hallway_of_sentries,
          crystal_vault_4, iron_vault_3, final_vault]

Skill      XL: |  1  2  3  4  5  6  7  8  9 10 |
---------------+-------------------------------+-----
Fighting       | 7 8 9 10 11 12 13 | 13.6
Long Blades    | 3 5 6 7 9 11 14 | 14.8
Armour         | 7 8 9 10 11 12 13 | 13.1
Shields        | 6 8 9 10 11 12 14 15 | 15.8
Dodging        | 1 2 3 4 |  4.8
Invocations    | 1 2 3 |  3.0
Stealth        | 1 |  1.3

Action                   |  1- 3 |  4- 6 |  7- 9 | 10-12 || total
-------------------------+-------+-------+-------+-------++-------
Melee: Long sword        |     2 |    18 |   172 |    88 ||   280
       Headbutt          |     1 |     6 |    44 |    18 ||    69
       Falchion          |       |    28 |       |       ||    28
Invok: Heroism           |       |       |     7 |     2 ||     9
  Use: Potion            |       |       |     7 |     6 ||    13
Armor: Scale mail        |       |    10 |       |       ||    10
       Chain mail        |       |     7 |    54 |     8 ||    69
       Plate armour      |       |       |       |    17 ||    17
Dodge: Dodged            |       |    17 |    41 |    26 ||    84
Block: Kite shield       |       |    25 |   148 |    92 ||   265
       Rpst.: Falchion   |       |     3 |       |       ||     3
       Long sword        |       |     3 |     9 |     6 ||    18
